 Dungeon Crawl Stone Soup version 0.23.0-3-gf3c87f2 (webtiles) character file.

Game seed: 8123904353069933145

54 Borgoz the Cutter (level 3, -1/30 (31) HPs)
             Began as a Ghoul Monk on Feb 23, 2019.
             Was a Believer of Ashenzari.
             Slain by a gnoll
             ... wielding a +0 flail
              (5 damage)
             ... on level 3 of the Dungeon.
             The game lasted 00:03:18 (1738 turns).

Borgoz the Cutter (Ghoul Monk)                      Turns: 1738, Time: 00:03:18

HP:   -1/30 (31)    AC:  6    Str: 14    XL:     3   Next: 91%
MP:   2/2           EV: 11    Int:  5    God:    Ashenzari [**....]
Gold: 143           SH:  0    Dex: 12    Spells: 2/2 levels left

rFire    . . .     SeeInvis .   a - +0 short sword
rCold    + . .     Gourm    .   (no shield)
rNeg     + + +     Faith    .   k - +0 ring mail
rPois    ∞         Spirit   .   (no helmet)
rElec    .         Reflect  .   (no cloak)
rCorr    .         Harm     .   (no gloves)
MR       .....                  e - +0 pair of boots (curse)
Stlth    +.........             (no amulet)
HPRegen  0.00/turn              (no ring)
MPRegen  0.08/turn              (no ring)

@: rotting
A: rotting body, claws 1, carnivore, cold resistance 1, negative energy
resistance 3, inhibited regeneration, torment resistance, unbreathing
a: Curse Item, Scrying, Renounce Religion


You were on level 3 of the Dungeon.
You worshipped Ashenzari.
Ashenzari was pleased with you.
You were not hungry.

You visited 1 branch of the dungeon, and saw 3 of its levels.

You collected 143 gold pieces.

Inventory:

Hand Weapons
 a - a +0 short sword (weapon)
 h - a +0 dagger
Armour
 e - a cursed +0 pair of boots (worn)
 k - a +0 ring mail (worn)
Scrolls
 d - a scroll of teleportation {unknown}
 f - 3 scrolls of identify {unknown}
 g - a scroll of remove curse
 i - 2 scrolls of amnesia {unknown}
 j - a scroll of noise {unknown}
Potions
 b - a potion of might {unknown}
 l - a potion of flight {unknown}
Comestibles
 c - a ration


   Skills:
 - Level 3.2 Fighting
 + Level 3.4 Short Blades
 * Level 0.2 Throwing
 + Level 3.2 Dodging
 + Level 2.9 Stealth


You had 2 spell levels left.
You didn't know any spells.
Your spell library was empty.

Dungeon Overview and Level Annotations

Branches:
Dungeon (3/15)

Altars:
Ashenzari
Makhleb
Zin

Annotations:
D:2 Sigmund


Innate Abilities, Weirdness & Mutations

Your body is rotting away.
You thrive on raw meat.
You are immune to poison.
You have sharp fingernails.
You are carnivorous and can eat meat at any time.
Your flesh is cold resistant. (rC+)
You are immune to negative energy. (rN+++)
You do not regenerate when monsters are visible.
You are immune to unholy pain and torment.
You can survive without breathing.


Message History

The gnoll closely misses you.
You hit the gnoll but do no damage.
The gnoll is severely wounded.
The gnoll hits you with a +0 flail.
You hit the gnoll but do no damage.
The gnoll is severely wounded.
The gnoll closely misses you.
You hit the gnoll but do no damage.
The gnoll is severely wounded.
You hit the gnoll but do no damage.
The gnoll is severely wounded.
The gnoll hits you with a +0 flail!
* * * LOW HITPOINT WARNING * * *
You hit the gnoll but do no damage.
The gnoll is severely wounded.
The gnoll barely misses you.
You hit the gnoll but do no damage.
The gnoll is severely wounded.
The gnoll hits you with a +0 flail.
You die...

##### * #...#
############### #...#
#...#..........
####..)###...#..........
.............'..........
*
###....##...#..........
#....##...#.........#
#....##...#.........#
####@##...########### *
########g##...# * *#. ,
, ..........##...# ,, #.
, ...........##...#
,,,,#
............######, ,, ,
+ .............# , ,,,
..............# * **
..............# * ,
.............##** '


You could see a gnoll.

Vanquished Creatures
  A gnoll (D:3)
  3 worms (D:2)
  2 dart slugs (D:1)
  3 leopard geckos
  4 goblins
  4 hobgoblins (D:1)
  4 bats (D:1)
  4 kobolds (D:1)
  5 rats
30 creatures vanquished.

Notes
Turn   | Place    | Note
-------+----------+-------------------------------------------
     0 | D:1      | Borgoz the Ghoul Monk began the quest for the Orb.
     0 | D:1      | Reached XP level 1. HP: 19/19 MP: 0/0
   143 | D:1      | Reached XP level 2. HP: 26/26 MP: 1/1
   425 | D:1      | Reached XP level 3. HP: 23/31 MP: 2/2
   755 | D:2      | Found a glowing silver altar of Zin.
  1185 | D:2      | Noticed Sigmund
  1240 | D:3      | Found a shattered altar of Ashenzari.
  1243 | D:3      | Became a worshipper of Ashenzari the Shackled
  1243 | D:3      | Reached * piety under Ashenzari
  1243 | D:3      | Reached ** piety under Ashenzari
  1252 | D:3      | Found a burning altar of Makhleb.
  1738 | D:3      | Slain by a gnoll

Skill      XL: |  1  2 |
---------------+-------+-----
Short Blades   | 3 |  3.4
Dodging        | 3 |  3.2
Fighting       | |  3.2
Throwing       | |  0.2
Stealth        | |  2.9

Action                   || total
-------------------------++-------
Melee: Short sword       ||   143
Invok: Curse Item        ||     1
  Use: Potion            ||     1
 Stab: Sleeping          ||     7
  Eat: Chunk             ||    14
Armor: Robe              ||    14
       Ring mail         ||     1
Dodge: Dodged            ||    66
